 Dungeon Crawl Stone Soup version 0.30.0-30-g96aa6591b8 (webtiles) character file.

Game seed: 2937486778226725547

254 LustLizard the Ruffian (level 5, -1/42 HPs)
             Began as a Demigod Transmuter on June 29, 2023.
             Slain by Natasha (7 damage)
             ... on level 3 of the Dungeon.
             The game lasted 00:02:36 (1767 turns).

LustLizard the Ruffian (Demigod Transmuter)         Turns: 1767, Time: 00:02:36

Health: -1/42      AC:  3    Str: 15    XL:     5   Next: 59%
Magic:  12/12      EV: 11    Int: 15    God:
Gold:   76         SH:  0    Dex: 14    Spells: 6/9 levels left

rFire   . .          .
                       - Unarmed
rCold   . . .        (no shield)
rNeg    . . .        j - +0 leather armour
rPois   .            (helmet currently unavailable)
rElec   .            (no cloak)
rCorr   .            (no gloves)
SInv    .            (boots currently unavailable)
Will    .....        (no amulet)
Stlth   +            (no ring)
HPRegen 0.27/turn    (no ring)
MPRegen 0.13/turn

%: no passive effects
@: appendages, slowed, very slow
A: horns 2, talons 2, high MP 1, forlorn, divine attributes
a: End Transformation


You were on level 3 of the Dungeon.
You had temporarily grown beastly horns and talons.
You visited 1 branch of the dungeon, and saw 3 of its levels.

You collected 76 gold pieces.

Inventory:

Armour
 a - a +0 robe
 j - a +0 leather armour (worn)
Jewellery
 c - a ring of ice
Scrolls
 e - 2 scrolls of identify {unknown}
 f - a scroll of teleportation {unknown}
 h - a scroll of poison {unknown}
Potions
 b - a potion of lignification
 d - a potion of curing {unknown}
 g - a potion of mutation {unknown}
 i - a potion of degeneration {unknown}


   Skills:
 + Level 2.3 Fighting
 - Level 1.7 Dodging
 * Level 4.3 Unarmed Combat
 + Level 2.8 Spellcasting
 + Level 2.9 Transmutations


You had 6 spell levels left.
You knew the following spells:

 Your Spells              Type           Power      Damage    Failure   Level
a - Beastly Appendage     Tmut           20%        N/A       8%          1
b - Wereblood             Tmut           10%        N/A       12%         2

Your spell library contained the following spells:

 Spells                   Type           Power      Damage    Failure   Level
 Spider Form              Tmut/Pois      6%         N/A       38%         3
 Ice Form                 Ice/Tmut       6%         N/A       80%         4


Dungeon Overview and Level Annotations

Branches:
Dungeon (3/15)

Annotations:
D:3 Natasha


Innate Abilities, Weirdness & Mutations

You have temporarily grown beastly horns and talons.
You have an increased reservoir of magic. (+10% MP)
You shall have no god before yourself.
Your divine heritage dramatically boosts your attributes as you level up.


Message History

You hit Natasha but do no damage. Natasha casts a spell at you.
The magic dart hits you!
You closely miss Natasha. Your kick misses Natasha.
Natasha zaps a wand.
The puff of flame misses you. Natasha claws you.
You hit Natasha. Your kick misses Natasha.
Natasha is lightly wounded.
Your horns disappear.
Your talons disappear.
Natasha claws you but does no damage.
You closely miss Natasha.
Natasha is lightly wounded.
Natasha claws you but does no damage.
Casting: Beastly Appendage (safe; 8% risk of failure)
Confirm with . or Enter, or press ? or * to list all spells.
You grow a pair of large bovine horns.
Your feet morph into talons.
Natasha casts a spell.
Natasha claws you!
* * * LOW HITPOINT WARNING * * *
You hit Natasha. Your headbutt misses Natasha. Your punch misses Natasha.
Natasha is heavily wounded.
Natasha claws you but does no damage.
The cerulean imp hits you with a +2 spear.
* * * LOW HITPOINT WARNING * * *
Unknown command.
You hit Natasha but do no damage.
Natasha is heavily wounded.
Natasha barely misses you. The cerulean imp barely misses you.
Natasha mumbles some strange words.
Unknown command.
You closely miss Natasha. Your kick misses Natasha. You headbutt Natasha.
Natasha is heavily wounded.
The cerulean imp hits you with a +2 spear.
* * * LOW HITPOINT WARNING * * *
The cerulean imp closely misses you. Natasha claws you.
* * * LOW HITPOINT WARNING * * *
The cerulean imp barely misses you.
You hit Natasha but do no damage. Your headbutt misses Natasha.
Natasha is heavily wounded.
Natasha claws you!
You die...

###†.#####.......##
##.##.# ##.# ##.....##
#....# #.# ##...##
#.#### #.# ##'## #.#
... #.# #.# #.# #.#
#.# #.# ##.## #.#
#.##.####..5###### #(#
#.....)...5@h....###)#
####.##............).#
#.#..#..##.#####
#.#..#..##.#
#.#.....##.#
#.##.#.###.# #......#
#.# ####.... ..# .##
###


You could see Natasha and 2 cerulean imps.

Vanquished Creatures
  Sigmund (D:3)
  An orc priest (D:3)
  2 adders
  A worm (D:2)
  2 dart slugs
  3 orcs (D:3)
  2 ball pythons
  A bat (D:1)
  2 endoplasms
  2 giant cockroaches
  2 goblins (D:2)
  A hobgoblin (D:3)
  2 jackals (D:1)
  9 kobolds
  A quokka (D:2)
  6 rats
38 creatures vanquished.

Notes
Turn   | Place    | Note
-------+----------+-------------------------------------------
     0 | D:1      | LustLizard the Demigod Transmuter began the quest for the
                  | Orb.
     0 | D:1      | Reached XP level 1. HP: 15/15 MP: 5/5
    99 | D:1      | Reached skill level 1 in Fighting
   334 | D:1      | Reached XP level 2. HP: 17/23 MP: 5/7
   463 | D:1      | Reached skill level 3 in Unarmed Combat
   659 | D:2      | Learned a level 2 spell: Wereblood
   856 | D:2      | Reached XP level 3. HP: 20/28 MP: 6/8
  1636 | D:3      | Noticed Sigmund
  1665 | D:3      | Killed Sigmund
  1666 | D:3      | Reached skill level 4 in Unarmed Combat
  1666 | D:3      | Reached XP level 4. HP: 14/36 MP: 7/10
  1666 | D:3      | Reached XP level 5. HP: 16/41 MP: 7/11
  1754 | D:3      | Noticed Natasha
  1767 | D:3      | Slain by Natasha

Illustrated notes

Levels and vault maps discovered:
D:1:      matt_arrival_los_fun, layout_basic
D:2:      layout_basic, corexii_corridor_pit
D:3:      layout_loops_corners, serial_shops, shop, uniq_natasha, uniq_sigmund

Skill      XL: |  1  2  3 |
---------------+----------+-----
Fighting       | 1 2 |  2.3
Transmutations | 2 |  2.9
Unarmed Combat | 3 4 |  4.3
Spellcasting   | 2 |  2.8
Dodging        | |  1.7

Action                     |  1- 3 |  4- 6 || total
---------------------------+-------+-------++-------
  Melee: Unarmed           |   105 |    18 ||   123
         Kick              |    25 |     5 ||    30
         Headbutt          |    11 |     5 ||    16
         Punch             |     2 |     1 ||     3
   Cast: Beastly Appendage |    24 |     3 ||    27
         Wereblood         |     1 |     1 ||     2
    Use: Scroll            |     1 |       ||     1
 Armour: Robe              |    10 |       ||    10
         Leather armour    |     2 |     4 ||     6
  Dodge: Dodged            |    54 |    11 ||    65
